| TOP OF THE 1ST |
|
Brockton Rox batting - Pitching for York Revolution : RHP T.J. Gray
|
|
Pitching: RHP T.J. Gray
|
|
|
Batting: RHB Sal Rivera
|
0-0: Ball 1-0: Ball 2-0: SINGLE (Line Drive, 56D, EV 105.0 MPH)
|
|
Batting: LHB Aaron Brannon
|
0-0: Ground out U3 (Groundball, 34S, EV 70.0 MPH) Sal Rivera to second
|
|
Batting: LHB Carlos Guerra
|
0-0: Ground out 6-3 (Groundball, 6, EV 83.1 MPH) Sal Rivera to third
|
|
Batting: RHB Ted Emmerich
|
0-0: DOUBLE (Line Drive, 89M, EV 99.4 MPH) Sal Rivera scores
|
|
Batting: RHB Alex Melendez
|
0-0: Ground out U3 (Groundball, 3S, EV 63.1 MPH)
|
| Top of the 1st over - 1 run, 2 hits, 0 errors, 1 left on base; Brockton 1 - York 0 |
| BOTTOM OF THE 1ST |
|
York Revolution batting - Pitching for Brockton Rox : RHP Mike Goodwin
|
|
Pitching: RHP Mike Goodwin
|
|
|
Batting: RHB Tony Perez
|
0-0: Called Strike 0-1: Ball 1-1: Ball 2-1: Ball 3-1: Foul Ball, location: 2F 3-2: Foul Ball, location: 2F 3-2: DOUBLE (Flyball, 8LXD, EV 108.1 MPH)
|
|
Batting: RHB Chris Myers
|
0-0: Ball 1-0: Ball 2-0: Foul Ball, location: 2F 2-1: Fly out, F5 (Popup, 5SF, EV 81.2 MPH)
|
|
Batting: RHB Jose Corral
|
0-0: Ball 1-0: Ball 2-0: Ball 3-0: Called Strike 3-1: Swinging Strike 3-2: Foul Ball, location: 2F 3-2: Strikes out swinging
|
|
Batting: RHB Jake Cox
|
0-0: Ball 1-0: Ground out 6-3 (Groundball, 6M, EV 91.2 MPH)
|
| Bottom of the 1st over - 0 runs, 1 hit, 0 errors, 1 left on base; Brockton 1 - York 0 |
| TOP OF THE 2ND |
|
Brockton Rox batting - Pitching for York Revolution : RHP T.J. Gray
|
|
Batting: RHB Travis Campbell
|
0-0: Called Strike 0-1: Fly out, F9 (Flyball, 9LM, EV 93.8 MPH)
|
|
Batting: RHB Scott Hawkins
|
0-0: SINGLE (Groundball, 6M, EV 103.1 MPH) (infield hit)
|
|
Batting: LHB Mike Hutcheson
|
0-0: Ball 1-0: Swinging Strike 1-1: Fielders Choice at 2nd, 1-6 (Groundball, 13S, EV 69.4 MPH)
|
|
Batting: RHB Josh Smith
|
0-0: Ball 1-0: Called Strike 1-1: Fielders Choice at 2nd, 6-4 (Groundball, 6, EV 100.0 MPH)
|
| Top of the 2nd over - 0 runs, 1 hit, 0 errors, 1 left on base; Brockton 1 - York 0 |
| BOTTOM OF THE 2ND |
|
York Revolution batting - Pitching for Brockton Rox : RHP Mike Goodwin
|
|
Batting: RHB Victor Arias
|
0-0: Ball 1-0: Ball 2-0: Called Strike 2-1: Ground out 6-3 (Groundball, 6, EV 100.6 MPH)
|
|
Batting: RHB Joe Hewitt
|
0-0: Ground out U3 (Groundball, 34, EV 105.6 MPH)
|
|
Batting: SHB Marco de Leon
|
0-0: Ball 1-0: Ground out 1-3 (Groundball, 23, EV 65.6 MPH)
|
| Bottom of the 2nd over - 0 runs, 0 hits, 0 errors, 0 left on base; Brockton 1 - York 0 |
| TOP OF THE 3RD |
|
Brockton Rox batting - Pitching for York Revolution : RHP T.J. Gray
|
|
Batting: RHB Sal Rivera
|
0-0: Ball 1-0: Ball 2-0: Foul Ball, location: 2F 2-1: Foul Ball, location: 2F 2-2: Fly out, F7 (Flyball, 78D, EV 78.1 MPH)
|
|
Batting: LHB Aaron Brannon
|
0-0: SINGLE (Line Drive, 89S, EV 98.8 MPH)
|
|
Batting: LHB Carlos Guerra
|
0-0: Ball 1-0: Fly out, F4 (Popup, 4M, EV 60.0 MPH)
|
|
Batting: RHB Ted Emmerich
|
0-0: Ball Aaron Brannon is caught stealing 2nd base 2-4
|
| Top of the 3rd over - 0 runs, 1 hit, 0 errors, 0 left on base; Brockton 1 - York 0 |
| BOTTOM OF THE 3RD |
|
York Revolution batting - Pitching for Brockton Rox : RHP Mike Goodwin
|
|
Batting: SHB Brett St. Clair
|
0-0: Ball 1-0: Fly out, F6 (Popup, P, EV 91.2 MPH)
|
|
Batting: RHB Corey Harris
|
0-0: Ball 1-0: Ground out 6-3 (Groundball, 6, EV 86.2 MPH)
|
|
Batting: RHB Tony Perez
|
0-0: Foul Ball, location: 2F 0-1: Swinging Strike 0-2: Ball 1-2: Strikes out swinging
|
| Bottom of the 3rd over - 0 runs, 0 hits, 0 errors, 0 left on base; Brockton 1 - York 0 |
| TOP OF THE 4TH |
|
Brockton Rox batting - Pitching for York Revolution : RHP T.J. Gray
|
|
Batting: RHB Ted Emmerich
|
0-0: Foul Ball, location: 2F 0-1: Foul Ball, location: 2F 0-2: Ground out U3 (Groundball, 34, EV 81.9 MPH)
|
|
Batting: RHB Alex Melendez
|
0-0: Ball 1-0: Ball 2-0: Fly out, F7 (Flyball, 78S, EV 83.8 MPH)
|
|
Batting: RHB Travis Campbell
|
0-0: Called Strike 0-1: Called Strike 0-2: Foul Ball, location: 2F 0-2: Ball 1-2: Ground out 6-3 (Groundball, 6, EV 110.0 MPH)
|
| Top of the 4th over - 0 runs, 0 hits, 0 errors, 0 left on base; Brockton 1 - York 0 |
| BOTTOM OF THE 4TH |
|
York Revolution batting - Pitching for Brockton Rox : RHP Mike Goodwin
|
|
Batting: RHB Chris Myers
|
0-0: Swinging Strike 0-1: Fly out, F8 (Flyball, 8RD, EV 104.4 MPH)
|
|
Batting: RHB Jose Corral
|
0-0: Ball 1-0: Foul Ball, location: 2F 1-1: Called Strike 1-2: SINGLE (Line Drive, 7S, EV 97.5 MPH)
|
|
Batting: RHB Jake Cox
|
0-0: Ball 1-0: Swinging Strike 1-1: Ball 2-1: Fly out, F8 (Flyball, 89XD, EV 78.1 MPH)
|
|
Batting: RHB Victor Arias
|
0-0: Ball 1-0: Called Strike 1-1: Foul Ball, location: 2F 1-2: Ball 2-2: Ball 3-2: Base on Balls Jose Corral to second
|
|
Batting: RHB Joe Hewitt
|
0-0: Called Strike 0-1: Ground out 5-3 (Groundball, 5S, EV 65.6 MPH)
|
| Bottom of the 4th over - 0 runs, 1 hit, 0 errors, 2 left on base; Brockton 1 - York 0 |
| TOP OF THE 5TH |
|
Brockton Rox batting - Pitching for York Revolution : RHP T.J. Gray
|
|
Batting: RHB Scott Hawkins
|
0-0: Called Strike 0-1: Ball 1-1: SINGLE (Line Drive, 8RS, EV 102.5 MPH)
|
|
Batting: LHB Mike Hutcheson
|
0-0: Ball 1-0: Grounds into double play, 6-4-3 (Groundball, 6, EV 88.8 MPH)
|
|
Batting: RHB Josh Smith
|
0-0: Called Strike 0-1: Called Strike 0-2: Ball 1-2: Fly out, F7 (Flyball, 78D, EV 87.5 MPH)
|
| Top of the 5th over - 0 runs, 1 hit, 0 errors, 0 left on base; Brockton 1 - York 0 |
| BOTTOM OF THE 5TH |
|
York Revolution batting - Pitching for Brockton Rox : RHP Mike Goodwin
|
|
Batting: SHB Marco de Leon
|
0-0: Called Strike 0-1: Foul Ball, location: 2F 0-2: Strikes out swinging
|
|
Batting: SHB Brett St. Clair
|
0-0: Ball 1-0: Called Strike 1-1: Fly out, F8 (Flyball, 89M, EV 95.0 MPH)
|
|
Batting: RHB Corey Harris
|
0-0: Called Strike 0-1: Ball 1-1: Called Strike 1-2: Ball 2-2: Foul Ball, location: 2F 2-2: Ground out 4-3 (Groundball, 4, EV 84.4 MPH)
|
| Bottom of the 5th over - 0 runs, 0 hits, 0 errors, 0 left on base; Brockton 1 - York 0 |
| TOP OF THE 6TH |
|
Brockton Rox batting - Pitching for York Revolution : RHP T.J. Gray
|
|
Batting: RHB Sal Rivera
|
0-0: Ball 1-0: Ball 2-0: Ball 3-0: Base on Balls
|
|
Batting: LHB Aaron Brannon
|
0-0: Ball 1-0: Called Strike 1-1: Ball 2-1: Called Strike 2-2: Ground out 6-3 (Groundball, 4MS, EV 81.9 MPH) Sal Rivera to second
|
|
Batting: LHB Carlos Guerra
|
0-0: Ball 1-0: Called Strike 1-1: Swinging Strike 1-2: Fly out, F9 (Flyball, 89S, EV 78.8 MPH)
|
|
Batting: RHB Ted Emmerich
|
0-0: Fly out, F8 (Flyball, 8RD, EV 100.6 MPH)
|
| Top of the 6th over - 0 runs, 0 hits, 0 errors, 1 left on base; Brockton 1 - York 0 |
| BOTTOM OF THE 6TH |
|
York Revolution batting - Pitching for Brockton Rox : RHP Mike Goodwin
|
|
Batting: RHB Tony Perez
|
0-0: Ball 1-0: Ball 2-0: SINGLE (Groundball, 3S, EV 72.5 MPH) (infield hit)
|
|
Batting: RHB Chris Myers
|
0-0: Ball Tony Perez steals 2nd base 1-0: Called Strike 1-1: DOUBLE (Flyball, 78D, EV 100.6 MPH) Tony Perez scores
|
|
Batting: RHB Jose Corral
|
0-0: Foul Ball, location: 2F 0-1: Swinging Strike 0-2: Strikes out looking
|
|
Batting: RHB Jake Cox
|
0-0: Foul Ball, location: 2F 0-1: Swinging Strike 0-2: Foul Ball, location: 2F 0-2: Ball 1-2: TRIPLE (Line Drive, 89XD, EV 106.2 MPH) Chris Myers scores
|
|
Batting: RHB Victor Arias
|
0-0: Swinging Strike 0-1: Foul Ball, location: 2F 0-2: Ball 1-2: Strikes out swinging
|
|
Pitching: LHP Chris Deans
|
|
|
Batting: RHB Joe Hewitt
|
0-0: Swinging Strike 0-1: Ball 1-1: Fly out, F8 (Flyball, 8RM, EV 96.9 MPH)
|
| Bottom of the 6th over - 2 runs, 3 hits, 0 errors, 1 left on base; Brockton 1 - York 2 |
| TOP OF THE 7TH |
|
Brockton Rox batting - Pitching for York Revolution : RHP T.J. Gray
|
|
Batting: LHB Miguel Maymi
|
0-0: Ball 1-0: Ball 2-0: Foul Ball, location: 2F 2-1: Called Strike 2-2: DOUBLE (Line Drive, 78XD, EV 106.2 MPH)
|
|
Pinch Hitting: LHB Danny Montoya
|
0-0: Ball 1-0: Fly out, F8 (Flyball, 8RS, EV 85.0 MPH)
|
|
Pinch Hitting: LHB John Buff
|
0-0: Swinging Strike 0-1: Swinging Strike 0-2: Ball 1-2: Strikes out swinging
|
|
Batting: LHB Mike Hutcheson
|
0-0: Foul Ball, location: 2F 0-1: Ball 1-1: Called Strike 1-2: Fly out, F8 (Flyball, 8RD, EV 91.2 MPH)
|
| Top of the 7th over - 0 runs, 1 hit, 0 errors, 1 left on base; Brockton 1 - York 2 |
| BOTTOM OF THE 7TH |
|
York Revolution batting - Pitching for Brockton Rox : LHP Chris Deans
|
|
Now at 3B: Mike Griffin
|
|
|
Now in CF: John Buff
|
|
|
Now in RF: Sal Rivera
|
|
|
Batting: SHB Marco de Leon
|
0-0: Ball 1-0: Ball 2-0: Ball 3-0: Base on Balls
|
|
Batting: SHB Brett St. Clair
|
0-0: Grounds into double play, 5-4-3 (Groundball, 56S, EV 92.5 MPH)
|
|
Batting: RHB Corey Harris
|
0-0: Called Strike 0-1: Fly out, F9 (Flyball, 9S, EV 85.6 MPH)
|
| Bottom of the 7th over - 0 runs, 0 hits, 0 errors, 0 left on base; Brockton 1 - York 2 |
| TOP OF THE 8TH |
|
Brockton Rox batting - Pitching for York Revolution : RHP T.J. Gray
|
|
Batting: RHB Josh Smith
|
0-0: Ball 1-0: Ball 2-0: Ball 3-0: Base on Balls
|
|
Pitching: RHP Victor Hurtado
|
|
|
Batting: RHB Sal Rivera
|
0-0: Bunted foul 0-1: Bunted foul 0-2: Fielders Choice at 2nd, 6-4 (Groundball, 6, EV 83.1 MPH)
|
|
Batting: LHB Aaron Brannon
|
0-0: Ball 1-0: Fielders Choice at 2nd, 4-6 (Groundball, 34S, EV 91.2 MPH)
|
|
Batting: LHB Carlos Guerra
|
0-0: Called Strike 0-1: Foul Ball, location: 2F 0-2: Ball 1-2: Ball 2-2: Foul Ball, location: 2F 2-2: Foul Ball, location: 2F 2-2: Ball 3-2: SINGLE (Popup, 56D, EV 45.6 MPH) Aaron Brannon to second Aaron Brannon to third
|
|
Batting: RHB Ted Emmerich
|
0-0: Swinging Strike 0-1: Foul Ball, location: 2F 0-2: Strikes out looking
|
| Top of the 8th over - 0 runs, 1 hit, 0 errors, 2 left on base; Brockton 1 - York 2 |
| BOTTOM OF THE 8TH |
|
York Revolution batting - Pitching for Brockton Rox : LHP Chris Deans
|
|
Batting: RHB Tony Perez
|
0-0: Called Strike 0-1: Fly out, F8 (Flyball, 8RM, EV 96.9 MPH)
|
|
Batting: RHB Chris Myers
|
0-0: Called Strike 0-1: Ball 1-1: Ball 2-1: SINGLE (Groundball, 6M, EV 106.2 MPH) (infield hit)
|
|
Batting: RHB Jose Corral
|
0-0: Ball 1-0: Fielders Choice at 2nd, 3-6 (Groundball, 3S, EV 90.0 MPH)
|
|
Batting: RHB Jake Cox
|
0-0: Ball 1-0: Called Strike 1-1: Ball 2-1: Ball 3-1: Base on Balls Jose Corral to second
|
|
Batting: RHB Victor Arias
|
0-0: Foul Ball, location: 2F 0-1: Foul Ball, location: 2F 0-2: 3-RUN HOME RUN (Flyball, 89XD, EV 97.5 MPH), Distance : 409 ft
|
|
Pitching: RHP Josiah Russell
|
|
|
Batting: RHB Joe Hewitt
|
0-0: Ball 1-0: Foul Ball, location: 2F 1-1: Foul Ball, location: 2F 1-2: Foul Ball, location: 2F 1-2: Ball 2-2: Strikes out swinging
|
| Bottom of the 8th over - 3 runs, 2 hits, 0 errors, 0 left on base; Brockton 1 - York 5 |
| TOP OF THE 9TH |
|
Brockton Rox batting - Pitching for York Revolution : RHP Victor Hurtado
|
|
Pitching: LHP Chris Burch
|
|
|
Batting: LHB Miguel Maymi
|
0-0: Swinging Strike 0-1: Fly out, F7 (Flyball, 78S, EV 84.4 MPH)
|
|
Batting: RHB Mike Griffin
|
0-0: Ball 1-0: Ball 2-0: Ball 3-0: Called Strike 3-1: Ground out 4-3 (Groundball, 4M, EV 97.5 MPH)
|
|
Pitching: LHP Tim Lawson
|
|
|
Batting: LHB John Buff
|
0-0: Swinging Strike 0-1: Foul Ball, location: 2F 0-2: Ball 1-2: Ball 2-2: Foul Ball, location: 2F 2-2: SINGLE (Groundball, 25, EV 71.9 MPH) (infield hit)
|
|
Batting: LHB Mike Hutcheson
|
0-0: Ball 1-0: Ball 2-0: Called Strike 2-1: Ball 3-1: Base on Balls John Buff to second
|
|
Batting: RHB Josh Smith
|
0-0: Swinging Strike 0-1: Foul Ball, location: 2F 0-2: Ball 1-2: Foul Ball, location: 2F 1-2: Ball 2-2: Foul Ball, location: 2F 2-2: Ground out 6-3 (Groundball, 4M, EV 103.8 MPH)
|
| Top of the 9th over - 0 runs, 1 hit, 0 errors, 2 left on base; Brockton 1 - York 5 |
|